General information
- name: grudge
- type: Custom game
- host: TIMG4STRok
- saver: TIMG4STRok
map: EchoIsles
- players: 5
- length: 22:27
- speed: Fast
- version: 1.23 W3XP
- replay type:

» download(88 KB)
Players
team 1 (winner)
TIMG4STRok (
gray | 148 APM | 3315 actions | 22:27)
5 Warden
2 Shadow Strike
3 Fan of Knives
6 Pandaren Brewmaster
3 Breath of Fire
1 Drunken Haze
1 Drunken Brawler
1 Storm Earth and Fire
» actions
| Assign group hotkey | 38 | |
| Basic commands | 134 | |
| Build / train | 86 | |
| ESC pressed | 6 | |
| Enter build submenu | 19 | |
| Enter hero's abilities submenu | 12 | |
| Give item / drop item | 3 | |
| Right click | 1346 | |
| Select / deselect | 375 | |
| Select group hotkey | 1184 | |
| Use ability | 112 | |
3315 total
» units
| Wisp | 24 | |
| Archer | 7 | |
| Forest Troll Berserker | 1 | |
| Dryad | 11 | |
| Druid of the Claw | 6 | |
49 total
» upgrades
| Ultravision | 1 | |
| Abolish Magic | 1 | |
| Druid of the Claw Training | 2 | |
| Strength of the Wild | 3 | |
| Well Spring | 1 | |
| Reinforced Hides | 1 | |
9 total
» buildings
| Altar of Elders | 1 | |
| Moon Well | 6 | |
| Ancient of War | 1 | |
| Tree of Ages | 1 | |
| Hunter's Hall | 1 | |
| Ancient of Wonders | 1 | |
| Ancient of Lore | 3 | |
| Tree of Eternity | 1 | |
| Tree of Life | 2 | |
17 total
» build order
00:03 Altar of Elders
00:17 Moon Well
00:26 Ancient of War
01:28 Moon Well
02:53 Tree of Ages
03:18 Moon Well
04:16 Hunter's Hall
05:09 Ancient of Wonders
05:22 Ancient of Lore
05:39 Moon Well
06:12 Ancient of Lore
07:20 Ancient of Lore
10:21 Tree of Eternity
10:23 Moon Well
10:58 Moon Well
11:44 Tree of Life
19:29 Tree of Life
» items
| Scroll of Town Portal | 1 | |
| Replenishment Potion | 1 | |
| Boots of Speed | 1 | |
| Scroll of Healing | 2 | |
| Orb of Venom | 1 | |
| Staff of Preservation | 2 | |
| Potion of Healing | 2 | |
| Potion of Mana | 2 | |
12 total
team 2 (loser)
Dynasty[AK47] (
red | 99 APM | 2223 actions | 22:27)
4 Death Knight
2 Death Coil
2 Unholy Aura
4 Lich
2 Frost Nova
2 Frost Armor
2 Crypt Lord
1 Impale
1 Spiked Carapace
» actions
| Assign group hotkey | 32 | |
| Basic commands | 25 | |
| Build / train | 74 | |
| ESC pressed | 8 | |
| Enter build submenu | 22 | |
| Enter hero's abilities submenu | 10 | |
| Give item / drop item | 4 | |
| Right click | 960 | |
| Select / deselect | 429 | |
| Select group hotkey | 554 | |
| Use ability | 105 | |
2223 total
» units
| Acolyte | 12 | |
| Ghoul | 4 | |
| Crypt Fiend | 17 | |
| Forest Troll Shadow Priest | 1 | |
| Obsidian Statue | 3 | |
37 total
» upgrades
| Creature Carapace | 1 | |
| Burrow | 1 | |
| Web | 1 | |
| Destroyer Form | 1 | |
| Ghoul Frenzy | 1 | |
5 total
» buildings
| Crypt | 1 | |
| Graveyard | 1 | |
| Altar of Darkness | 1 | |
| Ziggurat | 5 | |
| Tomb of Relics | 1 | |
| Nerubian Tower | 1 | |
| Halls of the Dead | 1 | |
| Necropolis | 1 | |
| Black Citadel | 1 | |
| Slaughterhouse | 1 | |
| Sacrificial Pit | 1 | |
15 total
» build order
00:14 Crypt
00:16 Graveyard
00:48 Altar of Darkness
01:07 Ziggurat
01:45 Tomb of Relics
02:08 Ziggurat
02:41 Nerubian Tower
03:52 Halls of the Dead
04:23 Ziggurat
06:06 Ziggurat
06:09 Necropolis
07:04 Black Citadel
08:39 Slaughterhouse
13:00 Sacrificial Pit
13:56 Ziggurat
» items
| Rod of Necromancy | 1 | |
| Orb of Corruption | 1 | |
| Scroll of Town Portal | 4 | |
| Potion of Lesser Invulnerability | 2 | |
| Scroll of Healing | 1 | |
| Potion of Healing | 4 | |
| Potion of Mana | 2 | |
15 total
observersPLEASEDONTGO,
MidnightSoul,
DR.OCTAGON Chat log
(14:35 / All) TIMG4STRok: this is what you got
(14:36 / All) TIMG4STRok: really
(14:59 / All) TIMG4STRok: ive got like 100 apmthis game
(15:01 / All) TIMG4STRok: its terrible
(16:21 / All) TIMG4STRok: how many tps this game
(16:42 / All) TIMG4STRok: one sec getting mana then i end it ok
(19:25 / All) TIMG4STRok: leave
(22:06 / All) TIMG4STRok: you are bad